 Dungeon Crawl Stone Soup version 0.26.0-10-g1f06aea511 (webtiles) character file.

Game seed: 17160487570309403753

10626 rewtre123 the Cleaver (level 11, -7/99 HPs)
             Began as a Minotaur Fighter on Jan 24, 2021.
             Was an Elder of the Shining One.
             Mangled by a 17-headed hydra (10 damage)
             ... on level 1 of the Lair of Beasts on Jan 25, 2021.
             The game lasted 01:54:44 (15884 turns).

rewtre123 the Cleaver (Minotaur Fighter)           Turns: 15884, Time: 01:54:48

Health: -7/99      AC: 22    Str: 23    XL:     11   Next: 38%
Magic:  10/10      EV:  8    Int:  5    God:    the Shining One [****..]
Gold:   585        SH: 16    Dex: 11    Spells: 10/10 levels left

rFire    . . .     SeeInvis .   a - +3 war axe
rCold    . . .     Faith    .   c - +0 kite shield
rNeg     + + .     Spirit   .   T - +0 plate armour
rPois    .         Reflect  +   (helmet restricted)
rElec    .         Harm     .   k - +1 cloak {Will+}
rCorr    .         Rampage  .   i - +0 pair of gloves
Will     ++...                  L - +0 pair of boots
Stlth    ..........             y - amulet of reflection
HPRegen  0.26/turn              O - ring of willpower
MPRegen  0.12/turn              J - +4 ring of protection

@: about to teleport, glowing
A: retaliatory headbutt, horns 2
a: Renounce Religion, Divine Shield, Cleansing Flame


You were on level 1 of the Lair of Beasts.
You worshipped the Shining One.
The Shining One was greatly pleased with you.
You visited 3 branches of the dungeon, and saw 13 of its levels.

You collected 816 gold pieces.
You spent 231 gold pieces at shops.

Inventory:

Hand Weapons
 a - a +3 war axe (weapon)
 b - a +0 hunting sling of freezing
 l - a +0 shortbow of freezing
 w - a +3 spear
 F - a +2 dagger of speed
 S - a +1 antimagic mace
Missiles
 g - 390 stones
 r - 180 arrows
 t - 77 poisoned darts (quivered)
 Q - 80 sling bullets
 W - 3 datura-tipped darts
 Z - 62 bolts
Armour
 c - a +0 kite shield (worn)
 i - a +0 pair of gloves (worn)
 k - a +1 cloak of willpower (worn)
 s - a +3 ring mail
 L - a +0 pair of boots (worn)
 T - a +0 plate armour (worn)
Magical Staves
 v - an uncursed staff of earth
Jewellery
 n - an uncursed ring of stealth
 x - an uncursed ring of fire
 y - an amulet of reflection (around neck)
 C - an uncursed amulet of regeneration
 J - a +4 ring of protection (right hand)
 O - a ring of willpower (left hand)
Wands
 M - a wand of flame (19)
 R - a wand of paralysis (15)
 V - a wand of iceblast (16)
Scrolls
 h - a scroll of random uselessness {unknown}
 m - a scroll of fear
 q - a scroll of magic mapping {unknown}
 u - 7 scrolls of teleportation
 z - 2 scrolls of blinking {unknown}
 A - a scroll of enchant armour {unknown}
 E - 6 scrolls of amnesia
 X - 7 scrolls of remove curse
Potions
 e - 2 potions of berserk rage {unknown}
 f - 2 potions of attraction {unknown}
 j - 2 potions of cancellation {unknown}
 o - 4 potions of flight
 p - a potion of invisibility
 D - 2 potions of lignification {unknown}
 H - 4 potions of mutation
 K - 5 potions of curing
 N - a potion of heal wounds
 P - 2 potions of haste
 U - 2 potions of ambrosia {unknown}
 Y - 4 potions of brilliance


   Skills:
 * Level 9.7 Fighting
 * Level 14.4 Axes
 + Level 1.5(1.7) Slings
 + Level 0.8(1.2) Throwing
 * Level 7.4 Armour
 + Level 6.2 Dodging
 + Level 9.1 Shields


You had 10 spell levels left.
You didn't know any spells.
Your spell library contained the following spells:

 Spells                   Type           Power        Failure   Level
 Animate Skeleton         Necr           0%           100%        1
 Apportation              Tloc           0%           100%        1
 Corona                   Hex            0%           100%        1
 Magic Dart               Conj           0%           100%        1
 Summon Small Mammal      Summ           0%           100%        1
 Blink                    Tloc           N/A          100%        2
 Call Imp                 Summ           0%           100%        2
 Slow                     Hex            0%           100%        2
 Conjure Flame            Conj/Fire      0%           100%        3
 Mephitic Cloud           Conj/Pois/Air  0%           100%        3
 Irradiate                Conj/Tmut      0%           100%        5
 Hydra Form               Tmut           0%           100%        6
 Statue Form              Tmut/Erth      0%           100%        6
 Dragon Form              Tmut           0%           100%        7


Dungeon Overview and Level Annotations

Branches:
Dungeon (11/15)            Temple (1/1) D:6            Lair (1/6) D:10
    Orc (0/2) D:9

Altars:
Ashenzari
Cheibriados
Dithmenos
Elyvilon
Fedhas
Gozag
Hepliaklqana
Kikubaaqudgha
Makhleb
Nemelex Xobeh
Okawaru
Qazlal
Ru
Sif Muna
Trog
Uskayaw
Vehumet
Wu Jian
Xom
Yredelemnul
Zin
The Shining One

Shops:
D:7 [


Innate Abilities, Weirdness & Mutations

You reflexively headbutt those who attack you in melee.
You have a pair of horns on your head.


Message History

The 17-headed hydra misses you. You block the 17-headed hydra's attack.
The 17-headed hydra bites you.
* * * LOW HITPOINT WARNING * * *
The 17-headed hydra bites you but does no damage.
You block the 17-headed hydra's attack. The 17-headed hydra barely misses you.
The 17-headed hydra bites you.
* * * LOW HITPOINT WARNING * * *
The 17-headed hydra bites you.
* * * LOW HITPOINT WARNING * * *
The 17-headed hydra bites you.
* * * LOW HITPOINT WARNING * * *
The 17-headed hydra bites you but does no damage. x2
Okay, then.
As you read the scroll of teleportation, it crumbles to dust.
You feel strangely unstable. You block the 17-headed hydra's attack.
The 17-headed hydra bites you but does no damage.
The 17-headed hydra bites you.
* * * LOW HITPOINT WARNING * * *
The 17-headed hydra closely misses you. The 17-headed hydra bites you!
You die...

###.#P#####P####....#
....................#
...†................#
....................#
....................#
....................##
....................P#
###.#####.##....$..?##
### ####....@....#
#....D..$##
#.........#
##........# #........#
#........# #.........
#........##


You could see a 17-headed hydra.

Vanquished Creatures
  A boulder beetle (D:11)
  A centaur warrior (D:9)
  An unseen horror (D:9)
  A deep elf mage (D:9)
  A centaur zombie (D:10)
  3 trolls
  Prince Ribbit (D:8)
  2 wraiths
  A wyvern (D:5)
  A yak (D:10)
  A human (D:9)
  A basilisk (D:9)
  A steam dragon (D:10)
  2 water moccasins (D:10)
  An acid dragon (D:9)
  4 ice beasts
  2 black bears
  7 orc warriors
  3 phantoms
  A sky beast (D:11)
  4 ogres
  2 centaurs
  A big kobold (D:8)
  12 bullfrogs
  A wyvern zombie (D:6)
  4 scorpions
  A water moccasin skeleton (D:11)
  11 killer bees
  3 wights (D:10)
  2 howler monkeys (D:11)
  3 bullfrog zombies
  3 jellies
  8 orc priests
  4 hounds
  A bullfrog skeleton (D:7)
  6 centaur skeletons
  Natasha (thrice) (D:2)
  3 iguanas
  9 orc wizards
  11 worker ants
  A killer bee zombie (D:9)
  A hound zombie (D:5)
  2 hound skeletons
  A mummy (D:9)
  Robin (D:2)
  4 gnolls
  A howler monkey skeleton (D:9)
  7 adders
  3 shadow imps (D:5)
  2 white imps
  2 ufetubi (D:6)
  An ooze (D:1)
  2 adder zombies
  2 adder skeletons
  3 worms
  A dart slug (D:2)
  5 leopard geckos
  43 orcs
  9 bats
  6 giant cockroaches
  14 goblins
  10 hobgoblins
  3 jackals (D:2)
  2 quokkas
  2 ball pythons
  5 frilled lizards
  A giant cockroach zombie (D:5)
  2 jackal skeletons (D:5)
  27 kobolds
  3 quokka skeletons
  A quokka zombie (D:9)
  4 rats
299 creatures vanquished.

Vanquished Creatures (others)
  39 fungi (D:10)
  103 plants
142 creatures vanquished.

Grand Total: 441 creatures vanquished

Notes
Turn   | Place    | Note
-------+----------+-------------------------------------------
     0 | D:1      | rewtre123 the Minotaur Fighter began the quest for the Orb.
     0 | D:1      | Reached XP level 1. HP: 19/19 MP: 0/0
   182 | D:1      | Reached XP level 2. HP: 26/27 MP: 1/1
  1147 | D:2      | Reached XP level 3. HP: 31/33 MP: 2/2
  1466 | D:2      | Noticed Natasha
  1476 | D:2      | Killed Natasha
  1477 | D:2      | Reached skill level 3 in Axes
  1565 | D:2      | Noticed Natasha
  1573 | D:2      | Killed Natasha
  1574 | D:2      | Reached XP level 4. HP: 35/40 MP: 3/3
  1773 | D:2      | Noticed Robin
  1797 | D:2      | Reached skill level 4 in Axes
  1800 | D:2      | Killed Robin
  2048 | D:2      | Reached XP level 5. HP: 46/46 MP: 4/4
  2220 | D:2      | Noticed Natasha
  2230 | D:2      | Killed Natasha
  2480 | D:3      | Reached skill level 1 in Dodging
  2853 | D:3      | Found a hazy altar of Hepliaklqana.
  2862 | D:3      | Found a glowing golden altar of the Shining One.
  3146 | D:3      | Found a radiant altar of Vehumet.
  3149 | D:3      | Found a stormy altar of Qazlal.
  3513 | D:4      | Reached skill level 5 in Axes
  3811 | D:3      | Became a worshipper of the Shining One
  4426 | D:5      | Entered Level 5 of the Dungeon
  4426 | D:5      | Noticed a phantom
  4429 | D:5      | Noticed a phantom
  4447 | D:5      | Reached XP level 6. HP: 28/53 MP: 5/5
  4451 | D:5      | Reached skill level 5 in Shields
  4465 | D:5      | Found a transporter.
  4482 | D:5      | Reached skill level 5 in Fighting
  4482 | D:5      | Reached skill level 6 in Axes
  4525 | D:5      | Found a transporter.
  4535 | D:5      | Noticed a wyvern
  4541 | D:5      | Killed a wyvern
  4542 | D:5      | Reached skill level 5 in Armour
  4542 | D:5      | Reached XP level 7. HP: 51/61 MP: 6/6
  4556 | D:5      | Reached skill level 7 in Axes
  4598 | D:5      | Reached * piety under the Shining One
  4704 | D:5      | Reached skill level 8 in Axes
  4947 | D:5      | Reached XP level 8. HP: 61/69 MP: 7/7
  5123 | D:5      | Found a basalt altar of Yredelemnul.
  5943 | D:6      | Reached ** piety under the Shining One
  6096 | D:6      | Reached skill level 9 in Axes
  6096 | D:6      | Reached skill level 1 in Slings
  6256 | D:6      | Found a staircase to the Ecumenical Temple.
  6269 | Temple   | Entered the Ecumenical Temple
  6917 | D:6      | Found an ancient bone altar of Kikubaaqudgha.
  8225 | D:7      | Found Axuicul's Armour Shop.
  8280 | D:7      | Bought a +1 cloak of willpower for 231 gold pieces
  8908 | D:7      | Reached XP level 9. HP: 78/78 MP: 8/8
  9148 | D:7      | Found a sacrificial altar of Ru.
  9150 | D:7      | Found a bloodstained altar of Trog.
  9150 | D:7      | Found a glowing golden altar of the Shining One.
  9152 | D:7      | Found a shimmering altar of Xom.
  9152 | D:7      | Found a sacrificial altar of Ru.
  9152 | D:7      | Found an opulent altar of Gozag.
  9504 | D:8      | Reached skill level 10 in Axes
  9825 | D:8      | Found a hide-covered altar of Uskayaw.
 10294 | D:8      | Found a shadowy altar of Dithmenos.
 10294 | D:8      | Noticed Prince Ribbit
 10306 | D:8      | Killed Prince Ribbit
 10430 | D:8      | Reached *** piety under the Shining One
 10468 | D:8      | Reached skill level 11 in Axes
 11300 | D:9      | Noticed a troll
 11310 | D:9      | Killed a troll
 11511 | D:9      | Reached XP level 10. HP: 80/88 MP: 9/9
 11558 | D:9      | Reached skill level 12 in Axes
 11663 | D:9      | Found a staircase to the Orcish Mines.
 12101 | D:9      | Noticed a centaur warrior
 12110 | D:9      | Killed a centaur warrior
 12225 | D:9      | Noticed a deep elf mage
 12226 | D:9      | Noticed an unseen horror
 12228 | D:9      | Reached **** piety under the Shining One
 12237 | D:9      | Killed an unseen horror
 12238 | D:9      | Reached skill level 13 in Axes
 12238 | D:9      | Reached skill level 5 in Dodging
 12251 | D:9      | Killed a deep elf mage
 12757 | D:9      | Found a snail-covered altar of Cheibriados.
 12865 | D:10     | Entered Level 10 of the Dungeon
 12932 | D:10     | Reached XP level 11. HP: 97/97 MP: 10/10
 12978 | D:10     | Found a staircase to the Lair.
 13139 | D:10     | Reached skill level 14 in Axes
 13833 | D:11     | Noticed a boulder beetle
 13940 | D:11     | Killed a boulder beetle
 15758 | Lair:1   | Entered Level 1 of the Lair of Beasts
 15869 | Lair:1   | Noticed an eight-headed hydra
 15884 | Lair:1   | HP: 3/99 [17-headed hydra (5)]
 15884 | Lair:1   | Mangled by a 17-headed hydra

Illustrated notes

Levels and vault maps discovered:
D:1:      denvon_arrival_planthouse, layout_basic,
          chequers_serial_rivers_large_a
D:2:      layout_basic, grunt_ministairs_7, uniq_natasha, uniq_robin
D:3:      layout_basic, nicolae_overflow_hidden_temple, corexii_shack
D:4:      layout_loops_cross
D:5:      gammafunk_wand_slinger, layout_basic, basic_altar
D:6:      layout_cave_pods, kennysheep_little_box, minmay_temple_entry_mist,
          cheibrodos_sewer_entry_drain
D:7:      layout_cave_pods, doesnt_xom_only_xom, serial_shops, shop
D:8:      kennysheep_kobold_camp, layout_basic, eat_drink_and_be_merry_uskayaw,
          enter_bailey_8, grunt_dithmenos_smoke, uniq_prince_ribbit1
D:9:      layout_long_grid, slow_altar_2, erik_orc_4, minmay_the_grid_2x2
          [minmay_the_grid_tiny_cups, minmay_the_grid_holed_spiral,
          minmay_the_grid_fan, minmay_the_grid_prize_four_corners]
D:10:     layout_rooms, due_lair_maze_entry_diamond
D:11:     layout_stronghold, minivault_16
Temple:   minmay_temple_curvy_branch
Lair:1:   layout_big_grid, gammafunk_ghost_grave, lemuel_fruit_fields,
          lemuel_fruit_tree

Skill      XL: |  1  2  3  4  5  6  7  8  9 10 11 |
---------------+----------------------------------+-----
Armour         | 4 5 6 7 |  7.4
Fighting       | 4 5 6 7 9 |  9.7
Shields        | 4 5 6 7 8 9 |  9.1
Axes           | 3 4 5 6 8 9 11 13 14 | 14.4
Dodging        | 1 3 4 5 6 |  6.2
Slings         | 1 |  1.5
Throwing       | |  0.8

Action                   |  1- 3 |  4- 6 |  7- 9 | 10-12 || total
-------------------------+-------+-------+-------+-------++-------
Melee: War axe           |   124 |   174 |   363 |   333 ||   994
       Headbutt          |    31 |    23 |    82 |    79 ||   215
 Fire: Hunting sling     |       |       |    17 |       ||    17
Throw: Dart              |       |       |     9 |       ||     9
  Use: Scroll            |       |     9 |     5 |    10 ||    24
       Potion            |       |       |       |     2 ||     2
Armor: Scale mail        |    33 |    45 |    18 |       ||    96
       Plate armour      |       |       |    65 |   123 ||   188
       Troll leather arm |       |       |     7 |     4 ||    11
Dodge: Dodged            |    23 |    48 |    57 |    76 ||   204
Block: Kite shield       |    36 |   117 |   218 |   256 ||   627
       Reflection        |       |     2 |    16 |     8 ||    26
